Map: Dusk Towers

Players

Boli

  • Race: Zerg Zerg
  • League: Platinum

MorN - Winner!

  • Race: Terran Terran
  • League: Diamond

VOD

Have the link to the VOD?

Description

Time

  • Played on: Nov. 15, 2015, 5:25 p.m.
  • Length: 11:09
Show
View Real Time Build Order
Export as new Build Order

Boli Zerg 

Build Orders: Hatch First 

Get SALT Encoding   

  12  0:01  Drone  
  13  0:12  Overlord  
  13  0:17  Drone  
  14  0:30  Drone x2  
  16  0:50  Hatchery  
  16  0:53  Drone  
  16  0:56  Drone  
  17  0:57  Extractor  
  16  1:12  Spawning Pool  
  16  1:15  Drone  
  16  1:19  Drone  
  16  1:24  Drone  
  18  1:29  Drone  
  19  1:39  Drone  
  20  2:03  Queen x2  
  20  2:04  Metabolic Boost  
  20  2:07  Drone  
  25  2:09  Drone  
  25  2:18  Overlord  
  25  2:23  Zergling x2  
  25  2:24  Zergling x2  
  25  2:25  Zergling x2  
  28  2:39  Drone  
  28  2:40  Queen  
  31  3:03  Drone x5  
  31  3:04  Overlord  
  36  3:17  Hatchery  
  35  3:29  Drone x5  
  40  3:37  Roach Warren  
  40  3:39  Drone  
  40  3:42  Overlord  
  40  3:49  Evolution Chamber  
  40  3:53  Lair  
  39  4:04  Drone x4  
  39  4:07  Drone x2  
  39  4:08  Drone, Extractor  
  45  4:11  Overlord  
  45  4:16  Roach  
  47  4:17  Roach  
  47  4:21  Roach  
  51  4:26  Extractor  
  51  4:27  Overlord  
  51  4:29  Roach  
  52  4:33  Queen  
  54  4:45  Zerg Ground Armor Level 1  
  54  4:51  Drone x4  
  54  4:52  Drone x2  
  60  4:59  Drone x4, Extractor  
  60  5:26  Spire  
  60  5:28  Glial Reconstitution  
  60  5:31  Drone x3, Hydralisk Den  
  60  5:32  Drone x2  
  64  5:36  Evolution Chamber  
  61  5:59  Roach x2  
  61  6:00  Roach x4  
  61  6:04  Spine Crawler  
  72  6:05  Zerg Missile Weapons Level 1, Muscular Augments  
  72  6:20  Overlord  
  72  6:23  Overlord  
  72  6:27  Extractor x2  
  70  6:33  Drone x2  
  70  6:34  Drone  
  70  6:38  Hatchery  
  72  6:41  Zerg Ground Armor Level 2  
  72  6:43  Drone, Infestation Pit  
  72  6:44  Drone x2  
  72  6:45  Drone x3  
  72  6:46  Drone x6  
  72  6:47  Drone x4  
  85  7:14  Queen  
  87  7:16  Drone x3  
  87  7:17  Overlord  
  87  7:18  Overlord x3  
  87  7:21  Hive  
  87  7:22  Lurker Den  
  90  7:37  Overseer  
  90  7:38  Pneumatized Carapace  
  90  8:01  Zerg Missile Weapons Level 2  
  90  8:03  Hydralisk x5  
  90  8:04  Hydralisk x6  
  112  8:06  Drone  
  112  8:07  Drone x6  
  112  8:08  Drone, Queen  
  112  8:11  Drone  
  112  8:12  Drone  
  124  8:13  Roach x2  
  126  8:46  Overlord x3  
  126  8:55  Lurker x2  
  128  8:58  Overlord x4  
  128  9:02  Extractor  
  128  9:03  Extractor  
  128  9:05  Evolution Chamber x2  
  128  9:07  Evolution Chamber  
  123  9:10  Viper x3  
  132  9:19  Hatchery, Drone x2  
  132  9:20  Drone x6  
  132  9:21  Drone x5  
  144  9:28  Viper  
  96  10:09  Roach  
  96  10:10  Roach x20  
  96  10:11  Roach  
  114  10:33  Drone x5  
  114  10:34  Drone x4  
  105  10:39  Hydralisk x2  
  105  10:43  Ravager  
  105  10:45  Drone x3  
  111  10:52  Drone  
  111  10:53  Drone  
  111  10:55  Drone x2  
  115  11:03  Extractor  
Show
View Real Time Build Order
Export as new Build Order

MorN Terran - Winner!

Build Orders: Liberator Opening, Reaper Expand, MMM Bio 

Get SALT Encoding   

  12  0:01  SCV  
  13  0:13  SCV  
  14  0:17  Supply Depot  
  14  0:27  SCV  
  15  0:40  SCV  
  15  0:41  Barracks  
  16  0:52  Refinery  
  16  0:53  SCV  
  17  1:07  SCV  
  18  1:19  SCV  
  19  1:32  Orbital Command  
  19  1:36  Reaper  
  20  1:41  Command Center  
  20  1:52  Refinery  
  20  1:57  Supply Depot  
  20  1:58  SCV  
  21  2:14  Barracks Reactor  
  21  2:17  SCV  
  22  2:26  Factory  
  22  2:29  SCV  
  23  2:41  SCV  
  24  2:51  Marine x2  
  24  2:53  SCV  
  24  2:54  Orbital Command  
  28  3:05  SCV  
  28  3:16  Starport  
  28  3:17  SCV  
  29  3:22  SCV  
  29  3:24  Barracks Tech Lab  
  30  3:31  SCV  
  30  3:32  Hellion x2  
  30  3:34  SCV  
  35  3:43  Command Center, SCV, Marine  
  35  3:44  Liberator  
  35  3:45  Stimpack  
  35  3:46  SCV  
  38  3:55  SCV, Hellion x2  
  46  4:12  Supply Depot  
  46  4:16  Armory  
  46  4:34  SCV x2, Hellion x2, Marine  
  46  4:35  Supply Depot  
  46  4:38  Liberator  
  53  4:46  SCV  
  54  4:55  SCV, Marine  
  54  4:58  SCV, Hellion x2, Orbital Command  
  64  5:07  SCV  
  64  5:10  SCV  
  64  5:13  Marauder  
  68  5:19  SCV  
  62  5:22  SCV  
  62  5:25  SCV  
  62  5:27  Refinery  
  64  5:28  Refinery, Engineering Bay  
  64  5:30  Engineering Bay  
  64  5:31  SCV  
  64  5:35  Barracks, Marauder  
  67  5:38  Starport Reactor  
  67  5:39  Barracks  
  67  5:40  SCV, Factory Reactor  
  68  5:52  SCV x2  
  68  6:03  SCV  
  69  6:05  Supply Depot  
  67  6:11  SCV  
  67  6:12  Orbital Command  
  67  6:15  SCV, Supply Depot  
  67  6:17  Marine  
  68  6:24  SCV  
  67  6:30  Factory Tech Lab  
  67  6:31  Terran Infantry Weapons Level 1, Terran Infantry Armor Level 1, Barracks, Medivac  
  67  6:32  Medivac  
  71  6:33  Barracks  
  71  6:36  Marauder  
  73  6:44  SCV x2  
  73  6:46  SCV  
  76  6:50  Marine x4  
  76  6:51  Combat Shields  
  76  6:53  Siege Tank  
  83  6:55  Terran Vehicle Weapons Level 1  
  83  6:56  Marine  
  83  6:59  Supply Depot, SCV x2  
  83  7:01  Supply Depot  
  86  7:02  Supply Depot  
  86  7:05  Medivac x2  
  83  7:10  Marine x2  
  83  7:11  SCV x2  
  83  7:13  Marine x2  
  83  7:14  Marine  
  90  7:17  SCV  
  90  7:20  Barracks Tech Lab  
  90  7:21  Barracks Reactor  
  91  7:22  Liberator x2  
  91  7:24  SCV x2  
  91  7:26  Supply Depot, Siege Tank  
  91  7:28  Marine x2  
  98  7:33  Barracks  
  98  7:34  Barracks  
  98  7:35  Barracks, Marine  
  98  7:36  SCV, Marine  
  106  7:40  Marine  
  106  7:43  SCV x2, Marauder  
  112  7:46  Marine x2  
  112  7:48  SCV  
  115  7:51  Missile Turret  
  115  7:53  Marine x2  
  115  7:56  SCV  
  118  7:58  Marine  
  118  7:59  Siege Tank  
  118  8:03  Marine x3  
  118  8:04  Refinery  
  118  8:05  Refinery  
  125  8:08  Supply Depot  
  125  8:10  Supply Depot  
  125  8:13  Supply Depot  
  125  8:18  Supply Depot  
  125  8:23  Barracks Tech Lab x2  
  125  8:24  Barracks Reactor  
  125  8:29  Marine x4  
  125  8:30  Marauder x2  
  125  8:31  SCV x2, Medivac x2  
  139  8:35  Command Center, SCV  
  139  8:36  Marine x2  
  142  8:43  SCV x2  
  142  8:47  SCV  
  145  8:50  Terran Infantry Weapons Level 2, Terran Infantry Armor Level 2  
  145  8:51  Supply Depot  
  145  8:55  SCV  
  145  8:56  Marine  
  145  8:57  Marauder  
  145  8:58  Marauder x3  
  145  9:02  Supply Depot  
  155  9:03  Supply Depot  
  155  9:16  Marine x4  
  155  9:17  Marine  
  159  9:19  Supply Depot, Marauder x2  
  159  9:24  Marauder x2  
  168  9:25  Marine x2  
  168  9:26  Marine  
  171  9:33  Supply Depot  
  171  9:37  Marine x2  
  171  9:38  Marine x2  
  173  9:39  Siege Tank  
  173  9:40  Medivac  
  173  9:41  Marauder x2, Medivac  
  173  9:45  Marauder x2  
  188  9:56  Liberator x2  
  188  10:02  Marauder  
  180  10:09  Marine x4  
  180  10:10  Marauder  
  180  10:12  Siege Tank  
  172  10:24  Marine x3  
  172  10:25  Marauder  
  172  10:27  Marine x2  
  172  10:34  Marine x3  
  172  10:35  Marauder  
  172  10:40  Marine x2  
  172  10:41  Marine  
  172  10:42  Marine  
  174  10:43  Supply Depot  
  174  10:46  Marauder  
  174  10:48  Marine x3  
  190  11:01  Refinery  
  194  11:05  Refinery  
Tags
 
Add a new tag
Caveats
  • Supply blocks, unpowered buildings, or Contaminate may cause inaccurate times.
  • Supply counts are checked every 10 seconds.